 Dungeon Crawl Stone Soup version 0.30-a0-900-g23479c02f2 (webtiles) character file.

Game seed: 5768494386435825917

19 JumpingJurisdiction the Trooper (level 2, -6/27 HPs)
             Began as a Minotaur Fighter on Mar 19, 2023.
             Mangled by a gnoll
             ... wielding a +0 halberd
             ... led by a gnoll bouda
              (13 damage)
             ... on level 3 of the Dungeon.
             The game lasted 00:06:46 (747 turns).

JumpingJurisdiction the Trooper (Minotaur Fighter)   Turns: 747, Time: 00:06:48

Health: -6/27      AC:  9    Str: 20    XL:     2   Next: 55%
Magic:  1/1        EV:  9    Int:  5    God:
Gold:   45         SH:  4    Dex:  9    Spells: 1/1 levels left

rFire   . . .      SeeInvis .    a - +0 war axe
rCold   . . .      Faith    .    c - +0 buckler
rNeg    . . .      Spirit   .    b - +0 scale mail
rPois   .          Reflect  .    (helmet restricted)
rElec   .          Rampage  .    (no cloak)
rCorr   .                        f - +1 pair of gloves
Will    .....                    (no boots) Stlth
                                 (no amulet)
HPRegen 0.24/turn                (no ring)
MPRegen 0.07/turn                (no ring)

@: lethally poisoned (-6 -> -11)
A: horns 2, retaliatory headbutt
a: no special abilities


You were on level 3 of the Dungeon.
You visited 1 branch of the dungeon, and saw 3 of its levels.

You collected 45 gold pieces.

Inventory:

Hand Weapons
 a - a +0 war axe (weapon)
Armour
 b - a +0 scale mail (worn)
 c - a +0 buckler (worn)
 f - a +1 pair of gloves (worn)
Scrolls
 e - a scroll of butterflies {unknown}
Potions
 d - a potion of might
 g - 2 potions of curing {unknown}


   Skills:
 + Level 4.0 Fighting
 + Level 2.8 Axes
 + Level 3.9 Armour
 + Level 3.9 Shields


You had one spell level left.
You didn't know any spells.
Your spell library contained the following spells:

 Spells                   Type           Power      Damage    Failure   Level
 Cigotuvi's Dreadful Rot  Necr/Pois/Air  0%         N/A       96%         2
 Poisonous Vapours        Pois/Air       0%         N/A       96%         2
 Mephitic Cloud           Conj/Pois/Air  0%         N/A       99%         3


Dungeon Overview and Level Annotations

Branches:
Dungeon (3/15)

Altars:


Innate Abilities, Weirdness & Mutations

You have a pair of horns on your head.
You reflexively headbutt those who attack you in melee.


Message History

The gnoll picks up the pace!
A gnoll comes into view. It is wielding a +0 spear.
You hit the gnoll bouda but do no damage.
The gnoll bouda is lightly wounded.
The gnoll bouda calls upon its god to heal the gnoll.
The gnoll's wounds heal themselves!
You barely miss the gnoll bouda. Your headbutt misses the gnoll bouda.
The gnoll bouda is lightly wounded.
A gnoll comes into view. It is wielding a +0 halberd.
The gnoll bouda barks out a call to the hunt!
The gnoll picks up the pace!
The kobold hits you but does no damage.
You are poisoned.
The gnoll hits you from afar with a +0 halberd.
You barely miss the gnoll bouda.
The gnoll bouda is lightly wounded.
You barely miss the kobold.
You feel very sick. You block the gnoll's attack.
The gnoll bouda hits you but does no damage.
The kobold hits you but does no damage.
You are more poisoned.
You barely miss the kobold. You closely miss the gnoll bouda.
You feel very sick. The kobold misses you.
The gnoll hits you from afar with a +0 halberd.
The gnoll bouda hits you with a +0 club. x2
The kobold hits you but does no damage. The gnoll closely misses you.
You closely miss the kobold. Your headbutt misses the kobold.
You hit the gnoll bouda but do no damage.
You feel very sick. The gnoll misses you. You block the gnoll bouda's attack.
The kobold barely misses you.
You hit the gnoll bouda but do no damage.
The gnoll bouda is lightly wounded.
You slash the kobold!
You kill the kobold!
You feel sick.
The gnoll hits you from afar with a +0 halberd!
You die...

### #.. #... #...
#.... #...g###
#...gg@# #...##g# #.
#.## #. #..###
###... ##...###....#
###.......#
#######....#....
#........#### #.. .
########..##....###.


You could see a gnoll bouda and 3 gnolls.

Vanquished Creatures
  2 endoplasms (D:1)
  A giant cockroach (D:2)
  A hobgoblin (D:1)
  3 jackals (D:1)
  A kobold (D:3)
  A quokka (D:3)
  3 ball pythons
  A bat (D:1)
  2 frilled lizards
  4 rats
19 creatures vanquished.

Notes
Turn   | Place    | Note
-------+----------+-------------------------------------------
     0 | D:1      | JumpingJurisdiction the Minotaur Fighter began the quest
                  | for the Orb.
     0 | D:1      | Reached XP level 1. HP: 19/19 MP: 0/0
   433 | D:1      | Reached XP level 2. HP: 26/27 MP: 1/1
   715 | D:3      | Reached skill level 4 in Fighting
   747 | D:3      | Mangled by a gnoll

Illustrated notes

Levels and vault maps discovered:
D:1:      amcnicky_arrival_feature_with_door, layout_loops_ring,
          serial_park_tiny_pond, minmay_shallow_snake_nest
D:2:      minmay_door_path, layout_basic, shapermc_ecumenical_altar_flowoftime
D:3:      layout_rooms

Skill      XL: |  1  2 |
---------------+-------+-----
Fighting       | 4 |  4.0
Axes           | |  2.8
Armour         | |  3.9
Shields        | |  3.9

Action                     || total
---------------------------++-------
  Melee: War axe           ||    48
         Headbutt          ||     7
 Armour: Scale mail        ||    26
  Dodge: Dodged            ||    30
  Block: Buckler           ||    13

Table legend: (Time is in decaauts)
 A = Elapsed time spent in this place.
 B = Non-inter-level travel time spent in this place.
 C = Inter-level travel time spent in this place.
 D = Time resting spent in this place.
 E = Time spent auto-exploring this place.
 F = Levels seen in this place.
 G = Mean time per level.
                   A        B        C        D        E       F      G
               +--------+--------+--------+--------+--------+-----+--------+
         Total |    766 |    156 |    610 |      0 |      0 |   3 |  255.3 |
       Dungeon |    766 |    156 |    610 |      0 |      0 |   3 |  255.3 |
               +--------+--------+--------+--------+--------+-----+--------+

Top non-repeatable levels by time:
     D:1: 576 daAuts
     D:3: 101 daAuts
     D:2: 88 daAuts
